 Dungeon Crawl Stone Soup version 0.25.1-8-g42b30a86e7 (webtiles) character file.

Game seed: 2014295207271157450

6393 HAL the Covert (level 10, 0/51 HPs)
             Began as a Spriggan Assassin on Dec 5, 2020.
             Was a Follower of Uskayaw.
             Succumbed to barbed spike wounds
             ... on level 13 of the Dungeon.
             The game lasted 01:26:47 (12015 turns).

HAL the Covert (Spriggan Assassin)                 Turns: 12015, Time: 01:26:48

Health: 0/51       AC: 10    Str:  7 (8)  XL:     10   Next: 66%
Magic:  14/14      EV: 24    Int:  9 (12) God:    Uskayaw [*.....]
Gold:   390        SH:  0    Dex: 19 (21) Spells: 12/12 levels left

rFire    . . .     SeeInvis +   z - +2 dagger "Rary" {vorpal, rN+}
rCold    . . .     Gourm    .   (shield restricted)
rNeg     + . .     Faith    .   b - +0 robe
rPois    .         Spirit   .   r - +2 hat
rElec    .         Reflect  .   D - +1 cloak
rCorr    .         Harm     .   (gloves unavailable)
MR       +....                  (boots unavailable)
Stlth    ++++++....             (no amulet)
HPRegen  0.17/turn              v - ring of wizardry
MPRegen  0.14/turn              N - ring of flight

@: barbed spikes, very quick
A: very small, unfitting armour, talons 1, icy blue scales 1, molten scales 1,
see invisible, herbivore, speed 3, slow metabolism 2, wild magic 1
a: Stomp, Renounce Religion, Evoke Flight


You were on level 13 of the Dungeon.
You worshipped Uskayaw.
Uskayaw was noncommittal.
You were not hungry.

You visited 2 branches of the dungeon, and saw 13 of its levels.
You also visited: Ossuary.

You collected 390 gold pieces.

Inventory:

Hand Weapons
 a - a +2 dagger
 c - a +1 shortbow of freezing
 d - a +1 dagger of freezing
 i - a +2 short sword of speed
 u - a +2 flail of draining
 z - the +2 dagger "Rary" (weapon) {vorpal, rN+}
   (You found it on level 9 of the Dungeon)

   It inflicts extra damage upon your enemies.
   It protects you from negative energy.
 A - a +1 falchion of holy wrath
 B - a +0 hunting sling
 J - a +2 dagger of flaming
 Q - a +0 shortbow
 S - a +2 short sword of protection
Missiles
 e - 2 curare-tipped darts
 j - 93 bolts
 l - 7 poisoned darts (quivered)
 n - 220 arrows
 q - 17 boomerangs
 s - 258 stones
 t - 79 sling bullets
Armour
 b - a +0 robe (worn)
 h - a +0 robe
 r - a +2 hat (worn)
 w - a +0 animal skin
 D - a +1 cloak (worn)
 E - a +0 robe
 F - a +4 chain mail of positive energy
 L - a +0 troll leather armour
Magical Staves
 H - an uncursed staff of cold
Jewellery
 v - a ring of wizardry (left hand)
 N - a ring of flight (right hand)
Wands
 g - a wand of flame (10)
 y - a wand of digging (1)
 C - a wand of polymorph (3)
Scrolls
 k - a scroll of noise
 o - a scroll of immolation
 p - 2 scrolls of magic mapping
 x - 3 scrolls of teleportation
 G - a scroll of remove curse
 K - 4 scrolls of identify
 O - a scroll of amnesia
Potions
 m - a potion of stabbing
 I - a potion of berserk rage
 M - a potion of flight
 P - 2 potions of curing
 T - a potion of degeneration
Comestibles
 f - 12 rations


   Skills:
 + Level 4.7 Fighting
 + Level 8.8 Short Blades
 + Level 6.8 Bows
 + Level 4.4 Throwing
 + Level 7.5 Dodging
 * Level 13.6 Stealth
 + Level 1.9 Spellcasting
 + Level 4.6 Invocations
 - Level 0.7 Evocations


You had 12 spell levels left.
You didn't know any spells.
Your spell library was empty.

Dungeon Overview and Level Annotations

Branches:
Dungeon (14/15)            Temple (1/1) D:5         Ossuary (visited)
   Lair: D:8-11         Orc: D:9-12      Vaults: D:13-14

Altars:
Ashenzari
Cheibriados
Dithmenos
Elyvilon
Fedhas
Gozag
Hepliaklqana
Kikubaaqudgha
Makhleb
Nemelex Xobeh
Okawaru
Qazlal
Ru
Sif Muna
Trog
Uskayaw
Vehumet
Wu Jian
Xom
Yredelemnul
Zin
The Shining One

Annotations:
D:6 grovkorv's ghost, novice DrFE
D:14 Snorg


Innate Abilities, Weirdness & Mutations

You are very small and have problems with some larger weapons.
You are too small for most types of armour.
You have supernaturally acute eyesight. (SInv)
You are a herbivore.
You cover ground extremely quickly.
You need to consume almost no food.
You have sharp toenails.
You are partially covered in icy blue scales. (AC +2)
You are partially covered in molten scales. (AC +2)
Your spells are a little harder to cast, but a little more powerful.


Message History

The volley of spikes hits you!
The barbed spikes become lodged in your body.
The barbs in your skin will harm you if you move.
Continue?
Uppercase [Y]es or [N]o only, please.
The barbs in your skin will harm you if you move.
Continue?
The barbed spikes dig painfully into your body as you move.
The barbed spikes dig painfully into your body as you move.
The barbed spikes dig painfully into your body as you move.
The manticore flicks its tail.
The volley of spikes misses you.
The barbed spikes dig painfully into your body as you move.
The barbed spikes dig painfully into your body as you move.
* * * LOW HITPOINT WARNING * * *
A skeletal warrior comes into view. It is wielding a +0 mace.
The skeletal warrior moves out of view.
The barbed spikes dig painfully into your body as you move.
* * * LOW HITPOINT WARNING * * *
There is a stone staircase leading down here.
The barbed spikes dig painfully into your body as you move.
You die...

....... ........##
.........##
..........####### .
...............> ..>.
................ ....
#............ .....
#....@.......
.....#####...#....###
.8...H.H.....#....#
......(.....†.....#
..................#
......(.(.........#
...............#.....
.$.....###...###.....
....... #...# ....


You could see a manticore.

Vanquished Creatures
  2 deep elf magi (D:14)
  A troll (D:13)
  Grinder (D:6)
  2 hippogriffs (D:9)
  Sigmund (D:6)
  A wyvern (D:8)
  Menkaure (D:5)
  Edmund (D:4)
  2 water moccasins
  2 ice beasts
  2 orc warriors (D:7)
  Duvessa (D:6)
  2 sky beasts
  A phantom (D:7)
  6 centaurs
  5 ogres (D:7)
  5 big kobolds
  4 bullfrogs
  A wyvern zombie (D:9)
  4 scorpions
  3 crimson imps
  A bullfrog zombie (D:13)
  A quasit (D:7)
  4 orc priests
  2 gnoll shamans (D:7)
  A jelly (D:6)
  2 centaur zombies
  3 hounds
  11 orc wizards
  An iguana (D:5)
  Ijyb (D:3)
  Terence (D:2)
  Robin (D:4)
  10 gnolls
  14 adders
  8 shadow imps
  An ooze (D:1)
  An adder skeleton (D:4)
  2 worms
  2 dart slugs
  3 leopard geckos
  21 orcs
  2 ball pythons
  3 giant cockroaches
  15 goblins
  14 hobgoblins
  2 jackals (D:4)
  5 quokkas
  A ball python skeleton (D:5)
  8 bats
  7 frilled lizards
  12 kobolds
  A leopard gecko zombie (D:8)
  A quokka zombie (D:9)
  7 rats
  A fungus (D:7)
  2 plants (D:7)
220 creatures vanquished.

Vanquished Creatures (others)
  5 fungi (D:7)
  3 plants (D:7)
8 creatures vanquished.

Grand Total: 228 creatures vanquished

Notes
Turn   | Place    | Note
-------+----------+-------------------------------------------
     0 | D:1      | HAL the Spriggan Assassin began the quest for the Orb.
     0 | D:1      | Reached XP level 1. HP: 10/10 MP: 2/2
    88 | D:1      | Reached skill level 6 in Stealth
   345 | D:1      | Reached XP level 2. HP: 14/14 MP: 4/4
   539 | D:1      | Reached skill level 1 in Spellcasting
   730 | D:1      | Reached XP level 3. HP: 16/18 MP: 5/5
  1128 | D:2      | Reached skill level 7 in Stealth
  1261 | D:2      | Reached XP level 4. HP: 23/23 MP: 7/7
  1290 | D:2      | Noticed Terence
  1314 | D:2      | Killed Terence
  2253 | D:3      | Noticed Ijyb
  2293 | D:3      | Killed Ijyb
  2293 | D:3      | Reached XP level 5. HP: 17/26 MP: 8/8
  2487 | D:3      | Found a basalt altar of Yredelemnul.
  2487 | D:3      | Found a hide-covered altar of Uskayaw.
  2499 | D:3      | Became a worshipper of Uskayaw the Reveler
  2517 | D:3      | Reached * piety under Uskayaw
  2537 | D:3      | Noticed a black bear
  2788 | D:3      | Found a glowing golden altar of the Shining One.
  2924 | D:4      | Reached ** piety under Uskayaw
  2972 | D:4      | Noticed Robin
  2998 | D:4      | Killed Robin
  3007 | D:4      | Reached *** piety under Uskayaw
  3146 | D:4      | Noticed a centaur
  3160 | D:4      | Killed a centaur
  3160 | D:4      | Reached skill level 8 in Stealth
  3160 | D:4      | Reached skill level 1 in Invocations
  3160 | D:4      | Reached XP level 6. HP: 23/30 MP: 6/9
  3489 | D:4      | Noticed a sky beast
  3495 | D:4      | Noticed Edmund
  3529 | D:4      | Killed Edmund
  3529 | D:4      | Reached skill level 1 in Bows
  3529 | D:4      | Reached XP level 7. HP: 35/35 MP: 10/10
  3549 | D:4      | Reached skill level 5 in Short Blades
  3733 | D:4      | Reached **** piety under Uskayaw
  4029 | D:4      | Found a shadowy altar of Dithmenos.
  4240 | D:5      | Entered Level 5 of the Dungeon
  4244 | D:5      | Found a shimmering altar of Xom.
  4251 | D:5      | Noticed Menkaure
  4282 | D:5      | Killed Menkaure
  4404 | D:5      | Found a staircase to the Ecumenical Temple.
  4430 | D:5      | Reached XP level 8. HP: 40/40 MP: 11/11
  4439 | Temple   | Entered the Ecumenical Temple
  5015 | D:5      | Reached skill level 9 in Stealth
  5437 | D:6      | Noticed Sigmund
  5464 | D:6      | Killed Sigmund
  5475 | D:6      | Reached ***** piety under Uskayaw
  5617 | D:6      | Noticed Duvessa
  5644 | D:6      | Killed Duvessa
  5644 | D:6      | Noticed Dowan
  5647 | D:6      | Noticed Dowan
  5647 | D:6      | Dowan changed into Dowan the bullfrog
  5653 | D:6      | Killed Dowan the bullfrog
  6115 | D:6      | Noticed Grinder
  6124 | D:6      | Killed Grinder
  6124 | D:6      | Reached skill level 5 in Bows
  6153 | D:6      | Found a runed translucent gate.
  6153 | D:6      | Found a runed translucent gate.
  6154 | D:6      | Found a runed translucent gate.
  6154 | D:6      | Noticed grovkorv's ghost (novice DrFE)
  6853 | D:7      | Reached XP level 9. HP: 20/44 MP: 13/13
  7330 | D:7      | Reached skill level 5 in Dodging
  7657 | D:7      | Reached skill level 10 in Stealth
 10233 | D:8      | Reached skill level 11 in Stealth
 10248 | D:8      | Found a sand-covered staircase.
 10253 | Ossuary  | Entered an ossuary
 10490 | D:8      | You fall into a shaft and drop 1 floor!
 10499 | D:9      | Reached XP level 10. HP: 50/50 MP: 14/14
 10542 | D:9      | Found an iron altar of Okawaru.
 10755 | D:9      | Got a smoking dagger
 10758 | D:9      | Identified the +2 dagger "Rary" {vorpal, rN+} (You found it
                  | on level 9 of the Dungeon)
 10790 | D:9      | Reached skill level 12 in Stealth
 11234 | D:9      | You fall into a shaft and drop 2 floors!
 11242 | D:11     | Noticed a brown ugly thing
 11245 | D:11     | You fall into a shaft and drop 3 floors!
 11292 | D:14     | Noticed a deep elf mage
 11300 | D:14     | Killed a deep elf mage
 11300 | D:14     | Reached skill level 13 in Stealth
 11320 | D:14     | Noticed a deep elf mage
 11331 | D:14     | Killed a deep elf mage
 11384 | D:14     | Found a white marble altar of Elyvilon.
 11567 | D:14     | Found a stormy altar of Qazlal.
 11580 | D:14     | Noticed Snorg
 11591 | D:14     | Gained mutation: You are partially covered in molten
                  | scales. (AC +2) [potion of mutation]
 11591 | D:14     | Gained mutation: You are partially covered in icy blue
                  | scales. (AC +2) [potion of mutation]
 11591 | D:14     | Gained mutation: You have sharp toenails. [potion of
                  | mutation]
 11591 | D:14     | Gained mutation: Your spells are a little harder to cast,
                  | but a little more powerful. [potion of mutation]
 12001 | D:13     | Noticed a manticore
 12012 | D:13     | Noticed a skeletal warrior
 12015 | D:13     | Succumbed to barbed spike wounds

Illustrated notes

Levels and vault maps discovered:
D:1:      roderic_crop_circles_arrival_small, layout_basic
D:2:      layout_basic, uniq_terence
D:3:      layout_basic, gammafunk_temple_overflow_elements, tso_altar,
          first_ration, uniq_ijyb
D:4:      layout_loops_cross, grunt_dithmenos_smoke_and_mirrors, uniq_edmund,
          uniq_robin
D:5:      layout_loops_ring, xom_teletrap_fun, minmay_temple_entry_arrows,
          uniq_menkaure
D:6:      layout_basic, ebering_ghost_rock_garden, uniq_grinder, uniq_duvessa,
          uniq_sigmund
D:7:      kennysheep_seaside_town, layout_loops_corners
D:8:      layout_loops_ring, enter_ossuary_2, basic_altar, serial_shops, shop,
          hangedman_little_slice_of_home, kennysheep_opposing_triangles
D:9:      layout_roguey, okawaru_metal_pillars_1_2
D:11:     layout_small_grid
D:13:     layout_cross, serial_shops, nicolae_shop_waterfront,
          serial_column_ruins, column_ruins_temple_hall, column_ruins_hut,
          column_ruins_open_large, column_ruins_grid_3,
          column_ruins_columns_straight, column_ruins_corridor_straight,
          column_ruins_grid_1, gammafunk_ghost_cemetery
D:14:     lemuel_ice_spiral_2, layout_stronghold,
          skrybe_vaults_entry_preservation, elyvilon_altar_3,
          nicolae_qazlal_general_emergency, uniq_snorg
Temple:   nicolae_temple_elliptical

Skill      XL: |  1  2  3  4  5  6  7  8  9 10 |
---------------+-------------------------------+-----
Stealth        | 6 7 8 9 11 13 | 13.6
Spellcasting   | 1 |  1.9
Dodging        | 2 3 4 6 7 |  7.5
Short Blades   | 3 4 5 6 8 |  8.8
Fighting       | 2 3 4 |  4.7
Invocations    | 1 2 4 |  4.6
Bows           | 1 2 5 6 |  6.8
Throwing       | 4 |  4.4
Evocations     | |  0.7

Action                   |  1- 3 |  4- 6 |  7- 9 | 10-12 || total
-------------------------+-------+-------+-------+-------++-------
Melee: Dagger            |   144 |     8 |   136 |   103 ||   391
       Short sword       |       |   242 |   485 |    91 ||   818
       Kick              |       |       |       |     3 ||     3
 Fire: Shortbow          |       |     8 |    80 |    16 ||   104
Throw: Dart              |       |    12 |    21 |     5 ||    38
       Boomerang         |       |       |    40 |     8 ||    48
Invok: Stomp             |       |     1 |     9 |     2 ||    12
Evoke: Wand              |       |       |     9 |     2 ||    11
  Use: Scroll            |     6 |     1 |     8 |     2 ||    17
       Potion            |     2 |     2 |     5 |     4 ||    13
 Stab: Sleeping          |    12 |     9 |    18 |     7 ||    46
       Paralysed         |       |     1 |    12 |     9 ||    22
       Distracted        |       |       |     2 |     1 ||     3
  Eat: Ration            |       |     1 |     4 |     1 ||     6
Armor: Robe              |    11 |    16 |    50 |    25 ||   102
Dodge: Dodged            |    69 |   111 |   315 |   146 ||   641
